 Dungeon Sprint DCSS version 0.30.1-11-g7821555f0a (webtiles) character file.

Game seed: 13739766054542486440

67977 Groucho the Hoplite (level 15, -39/137 HPs)
             Began as a Formicid Hunter on Nov 25, 2023.
             Was the Champion of Cheibriados.
             Annihilated by a nargun (43 damage)
             ... in the Dungeon (Sprint V: "Ziggurat Sprint").
             The game lasted 00:12:14 (3306 turns).

Groucho the Hoplite (Formicid Hunter)               Turns: 3306, Time: 00:12:14

Health: -39/137    AC: 41    Str: 44    XL:     15   Next: 68%
Magic:  22/36      EV: 21    Int: 30    God:    Cheibriados [******]
Gold:   0          SH: 42    Dex: 32    Spells: 48/48 levels left

rFire   . . .        c - +27 heavy crossbow "Sniper" {heavy, Acc+∞ SInv}
rCold   . . .        i - +18 shield of the Gong {Loud rN+ Will+ rCorr EV-5}
rNeg    + . .        h - +15 Maxwell's patent armour {-Cast -Tele rElec Will+ rCorr}
rPois   +            (helmet unavailable)
rElec   +            R - +2 cloak {rPois}
rCorr   +            F - +1 pair of gloves of the Wumpus {rElec rPois}
SInv    +            (no boots)
Will    +++..        W - amulet of reflection Stlth
                     q - +6 ring of strength
HPRegen 0.42/turn    r - +6 ring of strength
MPRegen 0.25/turn

%: no spellcasting, reflection
@: studying 2 skills, very slow
A: permanent stasis, dig shafts and tunnels, antennae 3, four strong arms
a: Dig, Renounce Religion, Bend Time, Temporal Distortion, Slouch, Step From
Time


You were in the Dungeon.
You worshipped Cheibriados.
Cheibriados was exalted by your worship.
You visited 1 branch

Inventory:

Hand Weapons
 c - the +27 heavy crossbow "Sniper" (weapon) {heavy, Acc+∞ SInv}
   (You found it in the Dungeon)

   Acc+∞: It never misses its target.
   SInv:      It lets you see invisible.
 j - the +8 storm bow {elec, penet}
   (You found it in the Dungeon)
 m - the +8 demon blade "Leech" {evervamp, Harm Drain rN+}
   (You found it in the Dungeon)

   rN:        It protects you from negative energy.
   Drain:     It drains your maximum health when unequipped.
   Harm:      It increases damage dealt and taken.
 E - a +5 triple crossbow
 J - the +8 trishula "Condemnation" {holy, anguish, *Noise Fly rN+}
   (You found it in the Dungeon)

   rN:        It protects you from negative energy.
   Fly:       It grants you flight.
   *Noise:    It may make noises in combat.
 K - the +10 arbalest "Goblinbane" {flame, rElec rN++ Str-4}
   (You found it in the Dungeon)

   Str:       It affects your strength (-4).
   rElec:     It insulates you from electricity.
   rN:        It greatly protects you from negative energy.
Armour
 a - +5 gold dragon scales
 h - the +15 Maxwell's patent armour (worn) {-Cast -Tele rElec Will+ rCorr}
   (You found it in the Dungeon)

   rElec:     It insulates you from electricity.
   -Cast:     It prevents spellcasting.
   -Tele:     It prevents most forms of teleportation.
   rCorr:     It protects you from acid and corrosion.
   Will:      It increases your willpower.
 i - the +18 shield of the Gong (worn) {Loud rN+ Will+ rCorr EV-5}
   (You found it in the Dungeon)

   Loud:      It is deafeningly noisy when blocking attacks.
   EV:        It affects your evasion (-5).
   rN:        It protects you from negative energy.
   rCorr:     It protects you from acid and corrosion.
   Will:      It increases your willpower.
 F - the +1 pair of gloves of the Wumpus (worn) {rElec rPois}
   (You found it in the Dungeon)

   rElec:     It insulates you from electricity.
   rPois:     It protects you from poison.
 R - a +2 cloak of poison resistance (worn)
Jewellery
 l - a +4 ring of slaying
 n - a +6 ring of dexterity
 o - an amulet of guardian spirit
 p - a +6 ring of intelligence
 q - a +6 ring of strength (left hand)
 r - a +6 ring of strength (right hand)
 G - the ring "Aras" {Fly rPois Will+}
   (You found it in the Dungeon)

   [ring of willpower]

   rPois:     It protects you from poison.
   Fly:       It grants you flight.
   Will:      It increases your willpower.
 I - the ring "Luacoi" {rF+ Dex+3}
   (You found it in the Dungeon)

   [ring of protection from fire]

   Dex:       It affects your dexterity (+3).
   rF:        It protects you from fire.
 M - an amulet of faith
 N - the ring "Eticuz" {Will+ MP+9 Dex+3 Stlth+}
   (You found it in the Dungeon)

   [ring of magical power]

   Dex:       It affects your dexterity (+3).
   MP:        It affects your magic capacity (+9).
   Will:      It increases your willpower.
   Stlth:     It makes you more stealthy.
 P - the ring of the Mashing Gods {+Blink rC+ rCorr Int+6 Dex+2}
   (You found it in the Dungeon)

   [ring of intelligence]

   Int:       It affects your intelligence (+6).
   Dex:       It affects your dexterity (+2).
   rC:        It protects you from cold.
   +Blink:    It lets you blink.
   rCorr:     It protects you from acid and corrosion.
 S - a +5 ring of evasion
 U - the ring "Peopapob" {rElec rPois Int+6 Dex+5 SInv}
   (You found it in the Dungeon)

   [ring of intelligence]

   Int:       It affects your intelligence (+6).
   Dex:       It affects your dexterity (+5).
   rElec:     It insulates you from electricity.
   rPois:     It protects you from poison.
   SInv:      It lets you see invisible.
 V - the ring "Pule" {rC+ MP+9 Str+6}
   (You found it in the Dungeon)

   [ring of strength]

   Str:       It affects your strength (+6).
   rC:        It protects you from cold.
   MP:        It affects your magic capacity (+9).
 W - an amulet of reflection (around neck)
 X - a +6 ring of dexterity
 Y - the ring of Mirth {Fly rPois}
   (You took it off a wight in the Dungeon)

   [ring of poison resistance]

   rPois:     It protects you from poison.
   Fly:       It grants you flight.
Wands
 k - a wand of polymorph (12)
 s - a wand of mindburst (16)
 t - a wand of iceblast (29)
 u - a wand of quicksilver (23)
 H - a wand of charming (16)
 L - a wand of flame (16)
 Q - a wand of digging (7)
Scrolls
 b - a scroll of immolation
 g - 4 scrolls of blinking
 y - 4 scrolls of amnesia
 B - 7 scrolls of fog
 C - 5 scrolls of identify
 D - 2 scrolls of fear
 O - 5 scrolls of brand weapon
 T - 8 scrolls of enchant weapon
Potions
 d - 10 potions of curing
 e - 6 potions of heal wounds
 f - 6 potions of magic
 v - 2 potions of brilliance
 w - 2 potions of invisibility
 x - 4 potions of resistance
 z - a potion of experience
 A - 7 potions of might


   Skills:
 * Level 18.3 Fighting
 * Level 17.3 Ranged Weapons
 * Level 20.4 Armour
 * Level 15.6 Dodging
 - Level 1.2 Stealth
 * Level 21.3 Shields
 + Level 17.1 Spellcasting
 + Level 1.1 Conjurations
 + Level 1.6 Hexes
 + Level 1.3 Transmutations
 + Level 1.3 Fire Magic
 + Level 1.3 Ice Magic
 + Level 1.0 Air Magic
 + Level 1.6 Earth Magic
 + Level 1.7 Poison Magic
 - Level 18.5 Invocations


You had 48 spell levels left.
You didn't know any spells.
Your spell library contained the following spells:

 Spells                   Type           Power      Damage    Failure   Level
 Sandblast                Erth           70%        2d15      2%          1
 Slow                     Hex            100%       N/A       2%          1
 Foxfire                  Conj/Fire      100%       2x1d9     3%          1
 Kiss of Death            Conj/Necr      100%       2d13      3%          1
 Magic Dart               Conj           100%       1d8       3%          1
 Cigotuvi's Dreadful Rot  Necr/Pois/Air  62%        N/A       4%          2
 Passwall                 Tmut/Erth      28%        N/A       4%          2
 Poisonous Vapours        Pois/Air       68%        N/A       4%          2
 Scorch                   Fire           66%        2d7       4%          2
 Searing Ray              Conj           64%        2d6       4%          2
 Momentum Strike          Conj/Tloc      58%        3d9       6%          2
 Call Imp                 Summ           50%        N/A       8%          2
 Sublimation of Blood     Necr           25%        N/A       8%          2
 Confusing Touch          Hex            35%        N/A       8%          3
 Ignite Poison            Fire/Tmut/Pois 34%        N/A       8%          3
 Dazzling Flash           Conj/Hex       68%        N/A       9%          3
 Mephitic Cloud           Conj/Pois/Air  33%        N/A       9%          3
 Stone Arrow              Conj/Erth      68%        3d11      9%          3
 Vampiric Draining        Necr           25%        2d7       14%         3
 Cause Fear               Hex            17%        N/A       24%         4
 Fulminant Prism          Conj/Hex       17%        3d10      26%         4
 Flame Wave               Conj/Fire      33%        2d10      28%         4
 Ice Form                 Ice/Tmut       33%        N/A       28%         4
 Anguish                  Hex/Necr       15%        N/A       34%         4
 Summon Ice Beast         Ice/Summ       29%        N/A       36%         4
 Animate Dead             Necr           25%        N/A       43%         4
 Manifold Assault         Tloc           25%        N/A       43%         4
 Silence                  Hex/Air        16%        N/A       61%         5
 Fireball                 Conj/Fire      16%        3d8       63%         5
 Freezing Cloud           Conj/Ice/Air   16%        6-21      63%         5
 Irradiate                Conj/Tmut      16%        3d17      63%         5
 Iskenderun's Battlesphe  Conj           32%        2d8       65%         5
 Borgnjor's Vile Clutch   Necr/Erth      15%        N/A       67%         5
 Summon Mana Viper        Hex/Summ       30%        N/A       67%         5
 Agony                    Necr           25%        N/A       80%         5
 Conjure Ball Lightning   Conj/Air       16%        3x3d6     99%         6
 Simulacrum               Ice/Necr       14%        N/A       99%         6
 Dispersal                Tloc           12%        N/A       100%        6
 Summon Cactus Giant      Summ           12%        N/A       100%        6
 Dragon Form              Tmut           16%        N/A       100%        7
 Monstrous Menagerie      Summ           12%        N/A       100%        7
 Orb of Destruction       Conj           16%        9d7       100%        7
 Summon Hydra             Summ           12%        N/A       100%        7
 Borgnjor's Revivificati  Necr           12%        N/A       100%        8
 Disjunction              Tloc           12%        N/A       100%        8
 Necromutation            Tmut/Necr      14%        N/A       100%        8
 Death's Door             Necr           12%        N/A       100%        9
 Dragon's Call            Summ           12%        N/A       100%        9


Dungeon Overview and Level Annotations

Branches:
Dungeon (1/1)

Altars:
Ashenzari
Cheibriados
Dithmenos
Elyvilon
Fedhas
Gozag
Hepliaklqana
Kikubaaqudgha
Makhleb
Nemelex Xobeh
Okawaru
Qazlal
Ru
Sif Muna
Trog
Uskayaw
Vehumet
Wu Jian
Xom
Yredelemnul
Zin
The Shining One
Jiyva
Lugonu


Innate Abilities, Weirdness & Mutations

You cannot be hasted, slowed, berserked, paralysed or teleported.
You can dig through walls and to a lower floor.
You have a pair of large antennae on your head. (SInv)
Your four strong arms can wield two-handed weapons with a shield.


Message History

Your body is wracked with pain!
* * * LOW HITPOINT WARNING * * *
Your Air Magic skill increases to level 1!
Unknown command.
Unknown command.
Activating: Slouch (0% risk of failure)
Press: ? - help, Dir - look around, f - activate
Okay, then.
You feel much better. The wendigo completely misses you.
You block the wendigo's attack.
PTOANNNG!
The Ice Fiend gestures at you.
The bolt of cold hits the nargun.
The nargun completely resists.
The bolt of cold hits the wendigo.
The wendigo completely resists.
The bolt of cold misses you. You resist with almost no effort.
Unknown command.
Activating: Slouch (0% risk of failure)
Press: ? - help, Dir - look around, f - activate You can feel time thicken for a moment.
You destroy the nargun!
Cheibriados thoroughly appreciates the change of pace.
You destroy the nargun!
Cheibriados thoroughly appreciates the change of pace.
You destroy the nargun!
Cheibriados appreciates the change of pace.
You destroy the nargun!
Cheibriados appreciates the change of pace.
The Ice Fiend calls on the powers of darkness!
Your body is wracked with pain!
* * * LOW HITPOINT WARNING * * *
You block the wendigo's attack.
BONNNG!
You block the wendigo's attack.
GONNNNG!
You block the nargun's attack.
BONNNG!
The nargun bites you!
* * * LOW HITPOINT WARNING * * *
The nargun freezes you!!!
You die...

{ { ▓...........
...°))......▓...........
.............▓..)).......
.............▓)))........
........).....▓))▓.......▓
......RR1.....▓.▓▓▓.....▓▓
......1..R....▓..▓.......▓
......RR19R1.▓...........
▓.....9@▓ ▓......©.... .
▓▓....R▓▓ .▓▓▓▓▓▓▓▓▓▓▓▓
...▓.......▓...▓.....8©8...
...............▓..)|)).)[).
.......©.......▓..[...))..|
▓▓▓▓▓▓▓▓▓▓▓▓▓▓▓▓........÷..
▓...........


{{{{{{{{{{{ ▓........... {{{{{{{{{{{ ▓........... You could see 4 Ice Fiends, 7
wendigos and 2 narguns.

Vanquished Creatures
  4 shard shrikes (D)
  A caustic shrike (D)
  An electric golem (D)
  An Ice Fiend (D)
  A Hell Sentinel (D)
  2 Orb Guardians (D)
  3 liches (D)
  A death cob (D)
  A titan (D)
  4 ancient champions (D)
  6 storm dragons (D)
  4 narguns (D)
  A frost giant (D)
  A quicksilver elemental (D)
  A ghoul (D)
  2 war gargoyles (D)
  A green draconian (D)
  A black draconian (D)
  A vampire knight (D)
  A deep elf demonologist (D)
  A red draconian (D)
  A white draconian (D)
  6 yellow draconians (D)
  2 merfolk impalers (D)
  3 merfolk javelineers (D)
  A merfolk avatar (D)
  2 spriggan air magi (D)
  2 merfolk aquamancers (D)
  A thrashing horror (D)
  A soul eater (D)
  A crystal echidna (D)
  5 spriggans (D)
  A wretched star (D)
  3 skeletal warriors (D)
  3 sea snakes (D)
  A spriggan druid (D)
  A flayed ghost (D)
  2 harpies (D)
  2 necromancers (D)
  A deep elf pyromancer (D)
  A will-o-the-wisp (D)
  A deep elf zephyrmancer (D)
  4 moths of wrath (D)
  A cyclops (D)
  An apocalypse crab (D)
  A black mamba (D)
  3 water nymphs (D)
  An eye of devastation (D)
  A hellion (D)
  A cane toad (D)
  2 komodo dragons (D)
  A tormentor (D)
  An ice devil (D)
  3 wind drakes (D)
  4 merfolk (D)
  2 snapping turtles (D)
  A raiju (D)
  A blink frog (D)
  4 hornets (D)
  2 slime creatures (D)
  A vampire (D)
  An air elemental (D)
  A jumping spider (D)
  3 shadows (D)
  A fire elemental (D)
  A golden eye (D)
  2 yaks (D)
  2 basilisks (D)
  A warg (D)
  A warg (shapeshifter) (D)
  A floating eye (D)
  4 wolves (D)
  A phantom (D)
  2 necrophages (D)
  3 scorpions (D)
  8 wights (D)
  3 small abominations (D)
  3 quasits (D)
  3 jellies (D)
  4 orc priests (D)
  5 starcursed masses (D)
  3 iguanas (D)
  An orc wizard (D)
  A river rat (D)
  3 shadow imps (D)
  2 white imps (D)
  3 ufetubi (D)
  A spectral adder (D)
  4 adder zombies (D)
  An adder skeleton (D)
  An adder simulacrum (D)
  2 spectral bats (D)
  A bat skeleton (D)
  2 bat zombies (D)
  An endoplasm (D)
  2 jackals (D)
  4 ball python skeletons (D)
  A giant cockroach zombie (D)
  A jackal skeleton (D)
  A jackal zombie (D)
  2 quokka skeletons (D)
  6 quokka zombies (D)
  A spectral ball python (D)
  A spectral giant cockroach (D)
  A spectral quokka (D)
  6 foxfires (D)
217 creatures vanquished.

Vanquished Creatures (others)
  2 foxfires (D)
2 creatures vanquished.

Grand Total: 219 creatures vanquished

Notes
Turn   | Place    | Note
-------+----------+-------------------------------------------
     0 | D        | Groucho the Formicid Hunter began the quest for the Orb.
     0 | D        | Reached XP level 1. HP: 16/16 MP: 1/1
    12 | D        | Found a shimmering blue altar of Sif Muna.
    12 | D        | Found a bloodstained altar of Trog.
    12 | D        | Found a sacrificial altar of Ru.
    12 | D        | Found a stormy altar of Qazlal.
    12 | D        | Found an iron altar of Okawaru.
    17 | D        | Found a sparkling altar of Nemelex Xobeh.
    17 | D        | Found the +6 Majin-Bo {spellvamp, MP+6 Int+6}
    17 | D        | Found the +27 heavy crossbow "Sniper" {heavy, Acc+∞ SInv}
    17 | D        | Found the +10 dark maul {heavy}
    17 | D        | Found the +15 Maxwell's patent armour {-Cast -Tele rElec
                  | Will+ rCorr}
    17 | D        | Found the +18 shield of the Gong {Loud rN+ Will+ rCorr
                  | EV-5}
    17 | D        | Found the +16 obsidian axe {drain, demonic, Mesm Drain Fly
                  | SInv}
    17 | D        | Found the +7 great mace "Firestarter" {flame, immolate,
                  | rFlCloud rF++}
    17 | D        | Found the +6 shillelagh "Devastator" {shatter}
    17 | D        | Found the +11 plutonium sword {Contam Stlth-}
    17 | D        | Found the +8 lance "Wyrmbane" {slay drac, rPois rF+ rC+
                  | AC+3}
    17 | D        | Found the +9 sword of Zonguldrok {reap}
    17 | D        | Found the +13 scythe of Curses {drain, curses, Drain}
    17 | D        | Found the +9 sword of Power {lifebolt}
    17 | D        | Found the +7 mace of Variability {chaos, chaos arc}
    17 | D        | Found the +11 Singing Sword {sonic wave}
    17 | D        | Found the +8 storm bow {elec, penet}
    18 | D        | Found an ancient bone altar of Kikubaaqudgha.
    18 | D        | Found a corrupted altar of Lugonu.
    18 | D        | Found a transporter.
    18 | D        | Found a burning altar of Makhleb.
    18 | D        | Found a viscous altar of Jiyva.
    18 | D        | Found a hazy altar of Hepliaklqana.
    42 | D        | Found a blossoming altar of Fedhas.
    44 | D        | Found an opulent altar of Gozag.
    91 | D        | Became a worshipper of Cheibriados the Contemplative
   106 | D        | Entered arena 2.
   106 | D        | Noticed a jelly
   106 | D        | Found a transporter.
   107 | D        | Killed a jelly
   108 | D        | Reached skill level 3 in Shields
   108 | D        | Reached XP level 2. HP: 11/24 MP: 2/2
   108 | D        | Reached XP level 3. HP: 14/29 MP: 3/3
   466 | D        | Entered arena 3.
   466 | D        | Noticed a phantom
   466 | D        | Found a transporter.
   467 | D        | Killed a phantom
   467 | D        | Reached * piety under Cheibriados
   468 | D        | Reached skill level 5 in Ranged Weapons
   468 | D        | Reached skill level 4 in Shields
   468 | D        | Reached XP level 4. HP: 38/38 MP: 3/6
   468 | D        | Reached XP level 5. HP: 43/43 MP: 3/7
   469 | D        | Reached ** piety under Cheibriados
   476 | D        | Got the +1 pair of gloves of the Wumpus {rElec rPois}
   484 | D        | Got the ring "Aras" {Fly rPois Will+}
   487 | D        | Entered arena 4.
   487 | D        | Noticed a jumping spider
   487 | D        | Found a transporter.
   488 | D        | Killed a jumping spider
   489 | D        | Reached skill level 5 in Fighting
   489 | D        | Reached skill level 6 in Shields
   489 | D        | Reached XP level 6. HP: 52/52 MP: 6/10
   489 | D        | Reached *** piety under Cheibriados
   490 | D        | Reached skill level 5 in Dodging
   491 | D        | Reached XP level 7. HP: 59/59 MP: 7/12
   493 | D        | Reached skill level 7 in Shields
   734 | D        | Entered arena 5.
   734 | D        | Noticed a deep elf zephyrmancer
   734 | D        | Noticed a deep elf pyromancer
   734 | D        | Noticed a deep elf demonologist
   734 | D        | Noticed a fire elemental
   734 | D        | Found a transporter.
   736 | D        | Killed a fire elemental
   736 | D        | Reached **** piety under Cheibriados
   737 | D        | Killed a deep elf pyromancer
   738 | D        | Reached skill level 10 in Armour
   738 | D        | Reached skill level 8 in Shields
   738 | D        | Reached skill level 10 in Invocations
   738 | D        | Reached XP level 8. HP: 57/68 MP: 13/15
   738 | D        | Killed a deep elf zephyrmancer
   739 | D        | Reached skill level 9 in Shields
   739 | D        | Killed a deep elf demonologist
   740 | D        | Reached skill level 10 in Shields
   740 | D        | Reached XP level 9. HP: 66/76 MP: 14/18
  1100 | D        | Entered arena 6.
  1100 | D        | Found a transporter.
  1101 | D        | Reached ***** piety under Cheibriados
  1115 | D        | Got the ring "Luacoi" {rF+ Dex+3}
  1127 | D        | Entered arena 7.
  1127 | D        | Noticed a komodo dragon
  1127 | D        | Noticed a komodo dragon
  1129 | D        | Killed a komodo dragon
  1131 | D        | Killed a komodo dragon
  1131 | D        | Reached ****** piety under Cheibriados
  1132 | D        | Reached skill level 11 in Shields
  1132 | D        | Reached XP level 10. HP: 75/83 MP: 18/20
  1136 | D        | Found a transporter.
  1144 | D        | Got the +10 arbalest "Goblinbane" {flame, rElec rN++ Str-4}
  1152 | D        | Entered arena 8.
  1152 | D        | Noticed a flayed ghost
  1156 | D        | Killed a flayed ghost
  1159 | D        | Found a transporter.
  1174 | D        | Entered arena 9.
  1174 | D        | Noticed an eye of devastation
  1177 | D        | Reached skill level 10 in Fighting
  1177 | D        | Reached skill level 10 in Ranged Weapons
  1178 | D        | Killed an eye of devastation
  1183 | D        | Reached skill level 12 in Shields
  1183 | D        | Found a transporter.
  1204 | D        | Entered arena 10.
  1204 | D        | Noticed a spriggan rider
  1204 | D        | Noticed a spriggan rider
  1204 | D        | Noticed a spriggan rider
  1204 | D        | Noticed a spriggan druid
  1204 | D        | Noticed a spriggan rider
  1206 | D        | Killed a spriggan rider
  1207 | D        | Reached skill level 15 in Invocations
  1207 | D        | Killed a spriggan druid
  1208 | D        | Reached XP level 11. HP: 22/93 MP: 15/22
  1208 | D        | Killed a spriggan rider
  1208 | D        | Killed a spriggan rider
  1209 | D        | Reached skill level 13 in Shields
  1210 | D        | Found a transporter.
  1242 | D        | Entered arena 11.
  1244 | D        | Reached skill level 15 in Armour
  1245 | D        | Reached skill level 10 in Dodging
  1600 | D        | Found a transporter.
  1620 | D        | Entered arena 12.
  1620 | D        | Noticed a merfolk impaler
  1620 | D        | Noticed a merfolk impaler
  1620 | D        | Noticed a merfolk javelineer
  1620 | D        | Noticed a sea snake
  1620 | D        | Noticed a sea snake
  1621 | D        | Noticed a harpy
  1621 | D        | Noticed a cyclops
  1624 | D        | Reached skill level 14 in Shields
  1624 | D        | Killed a sea snake
  1624 | D        | Killed a sea snake
  1624 | D        | Killed a harpy
  1625 | D        | Reached XP level 12. HP: 64/103 MP: 7/24
  1625 | D        | Killed a merfolk javelineer
  1625 | D        | Killed a merfolk impaler
  1626 | D        | Killed a merfolk impaler
  1628 | D        | Reached skill level 15 in Shields
  2091 | D        | Found a transporter.
  2102 | D        | Got the ring "Eticuz" {Will+ MP+9 Dex+3 Stlth+}
  2128 | D        | Entered arena 13.
  2128 | D        | Noticed a war gargoyle
  2128 | D        | Noticed a caustic shrike
  2128 | D        | Noticed a Hell Sentinel
  2128 | D        | Noticed an ancient champion
  2128 | D        | Noticed an ancient champion
  2128 | D        | Noticed a crystal echidna
  2128 | D        | Noticed an ancient champion
  2130 | D        | Identified the +6 glaive of Perversion {antimagic, Str+2}
  2130 | D        | Noticed an ancient champion
  2130 | D        | Killed a caustic shrike
  2130 | D        | Killed a war gargoyle
  2131 | D        | Killed an ancient champion
  2132 | D        | Reached skill level 5 in Spellcasting
  2132 | D        | Killed an ancient champion
  2132 | D        | Killed a crystal echidna
  2132 | D        | Killed an ancient champion
  2132 | D        | Killed an ancient champion
  2132 | D        | Noticed a war gargoyle
  2133 | D        | Reached skill level 16 in Shields
  2133 | D        | Reached XP level 13. HP: 113/113 MP: 5/26
  2134 | D        | Killed a Hell Sentinel
  2134 | D        | Noticed a quicksilver elemental
  2135 | D        | Killed a war gargoyle
  2137 | D        | Found a transporter.
  2139 | D        | Killed a quicksilver elemental
  2147 | D        | Got the ring of Bewkeulin {Ice rPois Int+2 SInv}
  2185 | D        | Entered arena 14.
  2185 | D        | Noticed a storm dragon
  2185 | D        | Noticed a titan
  2185 | D        | Noticed a storm dragon
  2185 | D        | Noticed a storm dragon
  2186 | D        | Noticed a storm dragon
  2186 | D        | Noticed a storm dragon
  2186 | D        | Noticed a spriggan air mage
  2187 | D        | Noticed a spriggan air mage
  2188 | D        | Noticed a storm dragon
  2188 | D        | Killed a spriggan air mage
  2189 | D        | Reached skill level 17 in Shields
  2189 | D        | Killed a spriggan air mage
  2190 | D        | Killed a storm dragon
  2191 | D        | Reached skill level 10 in Spellcasting
  2193 | D        | Killed a storm dragon
  2193 | D        | Killed a storm dragon
  2193 | D        | Killed a storm dragon
  2193 | D        | Killed a storm dragon
  2193 | D        | Killed a storm dragon
  2194 | D        | Reached skill level 15 in Fighting
  2194 | D        | Killed a titan
  2195 | D        | Reached skill level 18 in Shields
  2195 | D        | Reached XP level 14. HP: 67/123 MP: 19/29
  2200 | D        | Found a transporter.
  2209 | D        | Got the ring of the Mashing Gods {+Blink rC+ rCorr Int+6
                  | Dex+2}
  2512 | D        | Entered arena 15.
  2519 | D        | Found a transporter.
  2550 | D        | Got the Directory of Malignant Mysteries
  2563 | D        | Entered arena 16.
  2568 | D        | Reached skill level 15 in Ranged Weapons
  2571 | D        | Found a transporter.
  2701 | D        | Entered arena 17.
  2721 | D        | Found a transporter.
  2730 | D        | Got the ring "Peopapob" {rElec rPois Int+6 Dex+5 SInv}
  2732 | D        | Got the ring "Pule" {rC+ MP+9 Str+6}
  2757 | D        | Got the Quarto of Injury and Arson
  2759 | D        | Got the amulet of the Sturgeon {Spirit +Inv rElec rN+}
  2901 | D        | Entered arena 18.
  2914 | D        | Noticed a yellow draconian
  2914 | D        | Noticed a yellow draconian
  2914 | D        | Noticed a yellow draconian
  2914 | D        | Noticed a yellow draconian
  2914 | D        | Noticed a death cob
  2914 | D        | Noticed an Orb Guardian
  2914 | D        | Noticed a yellow draconian
  2914 | D        | Identified the +5 great mace "Miggov" {flame, rPois rC+}
  2914 | D        | Noticed a yellow draconian
  2914 | D        | Noticed a red draconian
  2915 | D        | Noticed an electric golem
  2915 | D        | Noticed an Orb Guardian
  2916 | D        | Killed a death cob
  2916 | D        | Identified the +5 long sword of Wept {spect, *Noise rC+
                  | Str+3}
  2916 | D        | Noticed a black draconian
  2917 | D        | Reached skill level 19 in Shields
  2918 | D        | Killed an Orb Guardian
  2918 | D        | Killed an Orb Guardian
  2919 | D        | Killed an electric golem
  2920 | D        | Killed a yellow draconian
  2920 | D        | Killed a yellow draconian
  2920 | D        | Killed a yellow draconian
  2921 | D        | Killed a yellow draconian
  2921 | D        | Killed a yellow draconian
  2921 | D        | Killed a red draconian
  2921 | D        | Identified the +4 spear "Xareikych" {vamp, +Blink rElec
                  | Str+4 Dex-3}
  2921 | D        | Noticed a white draconian
  2922 | D        | Reached skill level 20 in Shields
  2922 | D        | Reached skill level 15 in Spellcasting
  2922 | D        | Reached XP level 15. HP: 129/134 MP: 2/34
  2932 | D        | Found a transporter.
  2946 | D        | Got Issaodi's Discourse on the Cooperative Volcano
  2959 | D        | Got the Almanac of Wicked Acts
  2967 | D        | Entered arena 19.
  3011 | D        | Found the +8 demon blade "Leech" {evervamp, Harm Drain rN+}
  3017 | D        | Reached skill level 15 in Dodging
  3018 | D        | Found a transporter.
  3176 | D        | Got the Volume of the Dragon and Blasts
  3208 | D        | Entered arena 20.
  3213 | D        | Noticed a lich
  3213 | D        | Identified the ring of Mirth {Fly rPois}
  3214 | D        | Noticed a lich
  3214 | D        | Noticed a lich
  3214 | D        | Identified the staff of air "Beblerietu" {rElec rPois rN+
                  | Int+5}
  3215 | D        | Noticed a ghoul
  3216 | D        | Killed a lich
  3217 | D        | Killed a lich
  3217 | D        | Killed a lich
  3218 | D        | Reached skill level 21 in Shields
  3218 | D        | Found the +8 trishula "Condemnation" {holy, anguish, *Noise
                  | Fly rN+}
  3219 | D        | Found a transporter.
  3222 | D        | Killed a ghoul
  3232 | D        | Got the Compilation of Therianthropy and Accomplices
  3239 | D        | Got Aboyduunn's Notes on Fetid Conjury
  3294 | D        | Entered arena 21.
  3298 | D        | Noticed an Ice Fiend
  3298 | D        | Noticed a shard shrike
  3298 | D        | Noticed a shard shrike
  3298 | D        | Noticed a shard shrike
  3298 | D        | Noticed a shard shrike
  3298 | D        | Noticed a nargun
  3298 | D        | Noticed an Ice Fiend
  3298 | D        | Noticed a nargun
  3299 | D        | Noticed an Ice Fiend
  3299 | D        | Noticed a nargun
  3299 | D        | Noticed an Ice Fiend
  3299 | D        | Noticed a frost giant
  3300 | D        | Killed an Ice Fiend
  3300 | D        | Noticed a nargun
  3300 | D        | Noticed an Ice Fiend
  3300 | D        | Noticed a nargun
  3301 | D        | Reached skill level 1 in Hexes
  3301 | D        | Reached skill level 1 in Poison Magic
  3301 | D        | Noticed a nargun
  3301 | D        | Killed a shard shrike
  3302 | D        | Reached skill level 1 in Earth Magic
  3303 | D        | Killed a shard shrike
  3303 | D        | Killed a shard shrike
  3303 | D        | Killed a shard shrike
  3303 | D        | Killed a frost giant
  3304 | D        | Reached skill level 1 in Conjurations
  3304 | D        | Reached skill level 1 in Transmutations
  3304 | D        | Reached skill level 1 in Fire Magic
  3304 | D        | Reached skill level 1 in Ice Magic
  3304 | D        | HP: 5/136 [wendigo (7)]
  3305 | D        | Reached skill level 1 in Air Magic
  3306 | D        | Killed a nargun
  3306 | D        | Killed a nargun
  3306 | D        | Killed a nargun
  3306 | D        | Killed a nargun
  3306 | D        | Annihilated by a nargun

Illustrated notes

Levels and vault maps discovered:
D:        sprint_v [room_start, room_1, room_2, room_3, room_4, room_5, room_6,
          room_7, room_8, room_9, room_10, room_11, room_12, room_13, room_14,
          room_15, room_16, room_17, room_18, room_19, room_20, room_21,
          room_22, room_23, room_24, room_25, room_26, room_27]

Skill      XL: |  1  2  3  4  5  6  7  8  9 10 11 12 13 14 15 |
---------------+----------------------------------------------+-----
Fighting       | 3 4 5 6 7 9 11 12 14 15 17 18 | 18.3
Armour         | 2 4 6 7 10 11 12 14 15 16 18 19 20 | 20.4
Dodging        | 3 4 5 6 7 8 9 10 12 13 14 15 | 15.6
Shields        | 3 4 6 8 10 11 12 14 16 18 20 21 | 21.3
Ranged Weapons | 5 6 8 9 10 12 13 14 16 17 | 17.3
Invocations    | 3 6 7 10 12 13 15 17 18 | 18.5
Spellcasting   | 7 11 15 17 | 17.1
Hexes          | 1 |  1.6
Poison Magic   | 1 |  1.7
Earth Magic    | 1 |  1.6
Conjurations   | 1 |  1.1
Transmutations | 1 |  1.3
Fire Magic     | 1 |  1.3
Ice Magic      | 1 |  1.3
Air Magic      | 1 |  1.0
Stealth        | |  1.2

Action                     |  1- 3 |  4- 6 |  7- 9 | 10-12 | 13-15 || total
---------------------------+-------+-------+-------+-------+-------++-------
   Fire: Heavy crossbow    |     3 |     5 |    16 |    24 |    47 ||    95
 Invoke: Slouch            |       |       |       |    12 |    28 ||    40
    Use: Potion            |       |       |       |       |     5 ||     5
 Armour: Plate armour      |       |     8 |    30 |    31 |    76 ||   145
  Dodge: Dodged            |       |       |     8 |    29 |   182 ||   219
  Block: Kite shield       |     2 |    14 |    35 |    72 |   169 ||   292
         Reflection        |       |       |       |       |     2 ||     2
